 Dungeon Crawl Stone Soup version 0.23-a0-143-g1adec7bb76 (webtiles) character file.

25 Drachen the Shield-Bearer (level 2, -1/25 HPs)
             Began as a Demigod Fighter on Aug 31, 2018.
             Slain by a worm (6 damage)
             ... on level 2 of the Dungeon.
             The game lasted 00:02:47 (745 turns).

Drachen the Shield-Bearer (Demigod Fighter)          Turns: 745, Time: 00:02:48

Health: -1/25      AC:  6    Str: 19    XL:     2   Next: 63%
Magic:  4/4        EV:  8    Int: 12    God:
Gold:   127        SH:  9    Dex: 15    Spells: 1/1 levels left

rFire    . . .     SeeInvis .   a - +0 long sword
rCold    . . .     Gourm    .   c - +0 shield
rNeg     . . .     Faith    .   k - +0 ring mail
rPois    .         Spirit   .   n - +0 helmet
rElec    .         Reflect  .   (no cloak)
rCorr    .         Harm     .   (no gloves)
MR       .....                  (no boots)
Stlth    +.........             (no amulet)
HPRegen  0.08/turn              (no ring)
MPRegen  0.09/turn              (no ring)

@: no status effects
A: high mp 1
a: no special abilities


You were on level 2 of the Dungeon.
You were not hungry.

You visited 1 branch of the dungeon, and saw 2 of its levels.

You collected 127 gold pieces.

Inventory:

Hand Weapons
 a - a +0 long sword (weapon)
Armour
 b - a +0 scale mail
 c - a +0 shield (worn)
 k - a +0 ring mail (worn)
 n - a +0 helmet (worn)
Scrolls
 e - 6 scrolls of identify {unknown}
 h - a scroll of fog {unknown}
 i - a scroll of enchant armour {unknown}
 j - a scroll of blinking {unknown}
 m - 2 scrolls of amnesia {unknown}
 o - a scroll of teleportation {unknown}
Potions
 d - 2 potions of might
 g - a potion of resistance {unknown}
 l - a potion of heal wounds {unknown}
Comestibles
 f - 6 rations


   Skills:
 - Level 2.6 Fighting
 + Level 2.6 Long Blades
 - Level 2.6 Armour
 + Level 3.2 Shields


You had one spell level left.
You didn't know any spells.
Your spell library was empty.

Dungeon Overview and Level Annotations

Branches:
Dungeon (2/15)


Innate Abilities, Weirdness & Mutations

You have an increased reservoir of magic. (+10% MP)


Message History

You hit the worm but do no damage.
The worm is severely wounded.
You slash the worm!
You kill the worm!
The worm barely misses you.
Your shield and ring mail prevent you from hitting the worm.
You block the worm's attack.
You slash the worm!
The worm is heavily wounded.
The worm bites you.
* * * LOW HITPOINT WARNING * * *
You hit the worm.
The worm is severely wounded.
You barely miss the worm.
The worm is severely wounded.
You block the worm's attack.
You hit the worm but do no damage.
The worm is heavily wounded.
The worm bites you.
You die...

#..).w........#
#...####w###### ###(# #.#
##.####.# ### ### #..w....#
#.. ..# . ######..##.### #.#
#.# #####. ......(.##.# #.#
#.# #.....
.#####..##.#######.####.#
#.≈≈≈≈ #.........w@....##.#
#.≈≈≈≈
#...#.#######.#.##.####.≈≈≈≈
#.....#.# #.#.##..†...≈≈≈≈
##......# #......###!.....
........# ###.#### ##.≈≈≈≈
#####.#### #.# #.≈≈≈≈ #.#
#.# #.≈≈≈≈ #. #.# #.≈≈≈≈
##+## #.# #.≈≈≈≈


You could see a worm.

Vanquished Creatures
  A worm (D:2)
  A leopard gecko (D:1)
  3 giant cockroaches
  4 hobgoblins (D:1)
  3 jackals (D:2)
  2 bats (D:1)
  3 kobolds
  2 rats (D:1)
19 creatures vanquished.

Notes
Turn   | Place    | Note
-------+----------+-------------------------------------------
     0 | D:1      | Drachen the Demigod Fighter began the quest for the Orb.
     0 | D:1      | Reached XP level 1. HP: 18/18 MP: 3/3
   282 | D:1      | Reached skill level 3 in Shields
   282 | D:1      | Reached XP level 2. HP: 23/25 MP: 4/4
   745 | D:2      | Slain by a worm

Vault maps used:
D:1:      dpeg_arrival_rooms_a
D:2:      first_ration, st_stairs_14, grunt_decor_mini_mirrors, minivault_14,
          minmay_liquid_box, uniq_natasha, uniq_terence

Skill      XL: |  1 |
---------------+----+-----
Long Blades    | 2 |  2.6
Shields        | 3 |  3.2
Fighting       | |  2.6
Armour         | |  2.6

Action                   || total
-------------------------++-------
Melee: Long sword        ||    70
Armor: Ring mail         ||    19
       Scale mail        ||     5
Dodge: Dodged            ||    21
Block: Shield            ||    38
       Rpst.: Long sword ||     5

Table legend:
 A = Non-vault XP
 B = Vault XP
 C = Vault XP percentage of total XP
 D = Non-vault monster count
 E = Vault monster count
 F = Vault count percentage of total count
                 A         B        C        D         E       F
            +---------+---------+-------+---------+---------+-------
      Total |      36 |       0 |   0.0 |      19 |       0 |   0.0
            +---------+---------+-------+---------+---------+-------
        D:1 |      20 |       0 |   0.0 |      12 |       0 |   0.0
        D:2 |      16 |       0 |   0.0 |       7 |       0 |   0.0
            +---------+---------+-------+---------+---------+-------
